 Dungeon Crawl Stone Soup version bcrawl-1.27.3 (webtiles) character file.

Game seed: 12652860966489125462

134532 Ronin1791 the Covered (level 7, -1/54 HPs)
             Began as a Human Fighter on Oct 21, 2020.
             Slain by an ogre
             ... wielding a +0 giant spiked club
              (16 damage)
             ... on level 4 of the Dungeon.
             The game lasted 00:13:29 (6561 turns).

Ronin1791 the Covered (Human Fighter)               Turns: 6561, Time: 00:13:30

Health: -1/54      AC: 14    Str: 18    XL:     7   Next: 81%
Magic:  7/7        EV:  4    Int:  9    God:
Gold:   255        SH: 11    Dex: 12    Spells: 6/6 levels left

rFire    . . .     SeeInvis .   a - +1 long sword
rCold    . . .     Gourm    .   c - +0 medium shield
rNeg     . . .     Faith    .   q - +0 chain mail
rPois    .         Spirit   .   (no helmet)
rElec    .         Reflect  .   (no cloak)
rCorr    .         Harm     .   (no gloves)
MR       .....     Rnd*Tele +   (no boots)
Stlth    ..........             h - amulet of regeneration
HPRegen  0.39/turn              (no ring)
MPRegen  0.10/turn              (no ring)

@: no status effects
A: icy blue scales 1, yellow scales 1, teleportitis 1
a: no special abilities


You were on level 4 of the Dungeon.
You were not hungry.

You visited 1 branch of the dungeon, and saw 4 of its levels.

You collected 255 gold pieces.

Inventory:

Hand Weapons
 a - a +1 long sword (weapon)
 k - a +0 spear
Missiles
 i - 317 arrows
 m - 1502 stones (quivered)
 t - 111 poisoned needles
Armour
 b - a +0 scale mail
 c - a +0 medium shield (worn)
 q - a +0 chain mail (worn)
Jewellery
 h - an amulet of regeneration (around neck)
 l - an uncursed ring of see invisible
 o - a cursed ring of teleportation {unknown}
Scrolls
 f - 2 scrolls of remove curse
Potions
 d - a potion of degeneration {unknown}
 g - 2 potions of lignification
 n - a potion of curing
 p - a potion of ambrosia {unknown}
Comestibles
 e - 2 rations {!d}
 j - a chunk of flesh


   Skills:
 + Level 4.0 Fighting
 + Level 4.6 Long Blades
 + Level 0.8 Throwing
 + Level 5.7 Armour
 + Level 2.5 Dodging
 + Level 1.1 Stealth
 + Level 5.0 Shields


You had 6 spell levels left.
You didn't know any spells.
Your spell library was empty.

Dungeon Overview and Level Annotations

Branches:
Dungeon (4/12)
 Temple: D:4-7

Altars:


Innate Abilities, Weirdness & Mutations

You are partially covered in icy blue scales. (AC +2)
You are partially covered in yellow scales. (AC +2)
You are occasionally teleported next to monsters.


Message History

The ogre shouts!
You hit the ogre.
The ogre is lightly wounded.
The ogre hits you with a +0 giant spiked club!!
You slash the ogre!
The ogre is heavily wounded.
The ogre hits you but does no damage.
You hit the ogre.
The ogre is severely wounded.
The ogre hits you with a +0 giant spiked club.
You hit the ogre.
The ogre is severely wounded.
The ogre hits you with a +0 giant spiked club!
* * * LOW HITPOINT WARNING * * *
You barely miss the ogre.
The ogre is severely wounded.
You completely miss the ogre.
The ogre is severely wounded.
The ogre hits you with a +0 giant spiked club!
You die...

#. #..8<8....#
...(..8.....######
##...............#
#.........^.....#
#...###.........#
#### #.........#
#..?......#
...#.........#..
......O@........
##############..


You could see an ogre.

Vanquished Creatures
  Eustachio (D:4)
  A sky beast (D:2)
  A howler monkey (D:4)
  A crimson imp (D:3)
  2 hounds (D:4)
  A centaur skeleton (D:4)
  An orc priest (D:3)
  An orc wizard (D:3)
  An iguana (D:4)
  Jessica (D:2)
  A hound skeleton (D:4)
  4 adders
  An ooze (D:1)
  4 worms
  4 dart slugs
  2 leopard geckos (D:1)
  9 orcs (D:3)
  5 giant cockroaches
  4 goblins
  3 hobgoblins
  5 jackals
  8 kobolds
  A quokka (D:3)
  4 ball pythons
  3 bats
  2 frilled lizards
  A quokka skeleton (D:4)
  8 rats
80 creatures vanquished.

Notes
Turn   | Place    | Note
-------+----------+-------------------------------------------
     0 | D:1      | Ronin1791 the Human Fighter began the quest for the Orb.
     0 | D:1      | Reached XP level 1. HP: 18/18 MP: 1/1
   160 | D:1      | Reached XP level 2. HP: 24/24 MP: 2/2
  1123 | D:1      | Reached XP level 3. HP: 28/29 MP: 3/3
  2421 | D:2      | Reached XP level 4. HP: 29/36 MP: 4/4
  3206 | D:2      | Noticed Jessica
  3209 | D:2      | Killed Jessica
  3209 | D:2      | Reached skill level 1 in Dodging
  3356 | D:2      | Noticed a sky beast
  3379 | D:2      | Killed a sky beast
  3379 | D:2      | Reached XP level 5. HP: 42/42 MP: 5/5
  4298 | D:2      | Reached skill level 1 in Stealth
  4910 | D:3      | Reached XP level 6. HP: 48/48 MP: 6/6
  4976 | D:3      | Gained mutation: You are occasionally teleported next to
                  | monsters. [potion of mutation]
  4976 | D:3      | Gained mutation: You are partially covered in yellow
                  | scales. (AC +2) [potion of mutation]
  4976 | D:3      | Gained mutation: You are partially covered in icy blue
                  | scales. (AC +2) [potion of mutation]
  5799 | D:3      | Paralysed by fainting for 5 turns
  6115 | D:4      | Reached skill level 5 in Armour
  6115 | D:4      | Reached XP level 7. HP: 46/53 MP: 7/7
  6325 | D:4      | Noticed Eustachio
  6356 | D:4      | Killed Eustachio
  6356 | D:4      | Reached skill level 5 in Shields
  6561 | D:4      | Slain by an ogre

Skill      XL: |  1  2  3  4  5  6  7 |
---------------+----------------------+-----
Dodging        | 1 2 |  2.5
Long Blades    | 3 4 |  4.6
Armour         | 4 5 |  5.7
Shields        | 4 5 |  5.0
Stealth        | 1 |  1.1
Fighting       | 4 |  4.0
Throwing       | |  0.8

Action                   |  1- 3 |  4- 6 |  7- 9 || total
-------------------------+-------+-------+-------++-------
Melee: Long sword        |    93 |   198 |    52 ||   343
Throw: Stone             |    14 |     7 |     1 ||    22
  Use: Scroll            |     1 |     7 |     1 ||     9
       Potion            |       |    10 |     1 ||    11
  Eat: Chunk             |     7 |     7 |     4 ||    18
       Ration            |     1 |     2 |       ||     3
Armor: Scale mail        |    49 |    90 |       ||   139
       Skin              |       |     6 |       ||     6
       Chain mail        |       |     7 |    38 ||    45
Dodge: Dodged            |    17 |    53 |     5 ||    75
Block: Medium shield     |    46 |   107 |    37 ||   190
